 Dungeon Crawl Stone Soup version 0.25-a0-829-g4e6a552925 (webtiles) character file.

Game seed: 12759906947564780549, levelgen mode: classic

1932 EnegeticOcto the Chopper (level 8, 32/76 HPs)
             Began as a Deep Dwarf Fighter on Apr 21, 2020.
             Was a Follower of Uskayaw.
             Quit the game on level 9 of the Dungeon.
             The game lasted 00:02:48 (3722 turns).

EnegeticOcto the Chopper (Deep Dwarf Fighter)       Turns: 3722, Time: 00:02:49

Health: 32/76      AC: 10    Str: 22    XL:     8   Next: 97%
Magic:  3/3        EV:  8    Int:  9    God:    Uskayaw [*.....]
Gold:   261        SH: 11    Dex: 12    Spells: 7/7 levels left

rFire    . . .     SeeInvis .   a - +1 war axe
rCold    . . .     Gourm    .   c - +1 kite shield
rNeg     . . .     Faith    .   b - +0 scale mail
rPois    .         Spirit   .   (no helmet)
rElec    .         Reflect  .   g - +0 cloak
rCorr    .         Harm     .   (no gloves)
MR       +....                  d - +0 pair of boots
Stlth    ..........             (no amulet)
HPRegen  0.00/turn              i - ring of attention (curse)
MPRegen  0.08/turn              (no ring)

@: non-regenerating, slowed, very slow
A: damage resistance, heal wounds, sense surroundings 1, no regeneration
a: Heal Wounds, Stomp, Renounce Religion


You were on level 9 of the Dungeon.
You worshipped Uskayaw.
Uskayaw was noncommittal.
You were not hungry.

You visited 2 branches of the dungeon, and saw 8 of its levels.

You collected 261 gold pieces.

Inventory:

Hand Weapons
 a - a +1 war axe (weapon)
 t - a +1 rapier of draining
Armour
 b - a +0 scale mail (worn)
 c - a +1 kite shield (worn)
 d - a +0 pair of boots (worn)
 g - a +0 cloak (worn)
Jewellery
 i - a cursed ring of attention (left hand)
Wands
 o - a wand of digging (5) {@v2}
Scrolls
 f - 3 scrolls of identify {@r1}
 n - a scroll of magic mapping {@r5}
 r - a scroll of blinking {unknown}
 s - 4 scrolls of teleportation {@r2}
Potions
 h - 2 potions of flight {unknown}
 j - a potion of haste {unknown}
 k - a potion of might {@q3}
 l - 3 potions of curing {@q1}
 m - a potion of resistance {@q6}
 q - a potion of heal wounds {@q2}
Comestibles
 e - 8 rations
 p - 6 chunks of flesh


   Skills:
 * Level 6.2 Fighting
 * Level 7.1 Axes
 + Level 5.7 Armour
 + Level 5.6 Shields
 * Level 6.2 Invocations


You had 7 spell levels left.
You didn't know any spells.
Your spell library was empty.

Dungeon Overview and Level Annotations

Branches:
Dungeon (6/15)             Temple (1/1) D:4

Altars:
Ashenzari
Elyvilon
Gozag
Makhleb
Nemelex Xobeh
Okawaru
Qazlal
Uskayaw
Vehumet
Wu Jian
Xom
Yredelemnul
Zin
The Shining One


Innate Abilities, Weirdness & Mutations

You are resistant to damage.
You can heal yourself by infusing magical energy.
You passively map a small area around you.
You do not regenerate.


Message History

You block the orc wizard's attack. The leopard gecko barely misses you.
The orc wizard completely misses you.
You hit the orc wizard.
The orc wizard is almost dead.
You barely miss the leopard gecko. You block the leopard gecko's attack.
The orc wizard barely misses you.
You can now pass through a line of other dancers.
You barely miss the orc wizard.
The orc wizard is almost dead.
You hit the leopard gecko. The leopard gecko barely misses you.
The orc wizard gestures wildly while chanting.
The orc wizard flickers and vanishes!
The leopard gecko bites you but does no damage.
You slash the leopard gecko!
You kill the leopard gecko!
You barely miss something. Something hits you but does no damage.
You miss something. x2; You block something's attack.
Something hits you but does no damage. x2
You are feeling hungry.
Your shield and scale mail prevent you from hitting something. x2
You hear some strange, mumbled words.
A magic dart appears from out of thin air!
The magic dart hits you but does no damage.
Something hits you but does no damage. You block something's attack.
Something hits you.
You closely miss something. You miss something.
Something hits you but does no damage. Something hits you.
You hear some strange, mumbled words.
A puff of flame appears from out of thin air!
You block the puff of flame.
You hit something.
Reactivating autopickup.
You feel a bit more experienced.
You hit something. Something hits you but does no damage.
Deactivating autopickup; reactivate with Ctrl-A.
You slice the orc!!
You kill the orc!
You slash something!
Reactivating autopickup.
You feel a bit more experienced.
No target in view!
No target in view!
No target in view!
No target in view!
No target in view!
No target in view!
No target in view!
No target in view!
No target in view!
No target in view!
No target in view!
No target in view!
No target in view!
No target in view!
Eating one of 4 chunks of flesh.
You eat one of the 4 chunks of flesh.
This raw flesh tastes terrible.
Things that are here:
a +0 dagger; a +0 robe; an orc corpse You butcher the orc corpse.
p - 7 chunks of flesh (gained 4)
Things that are here:
a +0 dagger; a +0 robe; an orc skeleton
Things that are here:
a +0 dagger; a +0 robe; an orc skeleton You see here a quarterstaff.
You can no longer pass through a line of other dancers.
Found a stone staircase leading down.
You now have 261 gold pieces (gained 14).
e - 8 rations (gained 1) Some of the chunks of flesh in your inventory have rotted away.
A hornet comes into view.
The hornet buzzes angrily.
You hear a bark! x2; You hear a shout!
You hear a bark!
You hit the hornet but do no damage. You block the hornet's attack.
The hornet stings you.
You feel yourself slow down.
A jackal comes into view.
There are monsters nearby!
There are monsters nearby!
There are monsters nearby!
There are monsters nearby!
There are monsters nearby!
You completely miss the hornet. The hornet barely misses you.
A jackal comes into view.
The hornet stings you!
You suddenly lose the ability to move!
The jackal barks!
A jackal comes into view.
The hornet barely misses you.
The jackal moves out of view.
The jackal barks!
You hear an angry hiss.
A bullfrog skeleton comes into view.
The hornet stings you!
You feel as though you will be slow longer.
The hornet barely misses you.
The hornet stings you but does no damage.
You can move again.
There are monsters nearby!
There are monsters nearby!
There are monsters nearby!
There are monsters nearby!
Are you sure you want to abandon this character and quit the game? (Confirm with "yes".)

#... .
#.# #.#
...# ##
#.#*#.#
.... ..
#.# * ,
,* #.# ,
#.# , , ,
#.# , #.#
,, #.#
*#@# ,
...hhhy.#
##..#####
* ,*#, ,
, , * , *
* * * ,
,,, ,, ,,
, , , , ,
,


You could see a hornet and 3 jackals.

Vanquished Creatures
  Pikel (D:5)
  Eustachio (D:5)
  An orc warrior (D:6)
  An ice beast (D:5)
  A phantom (D:4)
  An ogre (D:4)
  A centaur (D:5)
  Blork the orc (D:4)
  A bullfrog (D:6)
  A jelly (D:5)
  A howler monkey (D:5)
  2 crimson imps
  2 hounds (D:4)
  A quasit (D:4)
  3 orc priests
  2 iguanas
  3 orc wizards
  3 worker ants
  3 gnolls (D:3)
  3 adders
  2 adder skeletons (D:4)
  A dart slug (D:2)
  5 worms
  4 leopard geckos
  15 orcs
  4 bats
  4 hobgoblins
  7 jackals
  A quokka (D:4)
  4 frilled lizards (D:3)
  11 goblins
  5 kobolds
  3 leopard gecko skeletons (D:4)
  3 rats (D:1)
102 creatures vanquished.

Vanquished Creatures (others)
  Grinder (D:5)
  A worker ant (D:5)
2 creatures vanquished.

Grand Total: 104 creatures vanquished

Notes
Turn   | Place    | Note
-------+----------+-------------------------------------------
     0 | D:1      | EnegeticOcto the Deep Dwarf Fighter began the quest for the
                  | Orb.
     0 | D:1      | Reached XP level 1. HP: 20/20 MP: 1/1
    71 | D:1      | Reached XP level 2. HP: 17/27 MP: 2/2
   368 | D:3      | Found a shimmering altar of Xom.
   490 | D:3      | Reached XP level 3. HP: 20/34 MP: 3/3
   502 | D:3      | Reached skill level 3 in Axes
   742 | D:3      | Reached XP level 4. HP: 29/42 MP: 3/3
  1249 | D:4      | Reached XP level 5. HP: 44/50 MP: 3/3
  1292 | D:4      | Noticed an ogre
  1304 | D:4      | Killed an ogre
  1304 | D:4      | Reached skill level 4 in Axes
  1380 | D:4      | Found a staircase to the Ecumenical Temple.
  1422 | D:4      | Reached XP level 6. HP: 26/57 MP: 3/3
  1448 | Temple   | Entered the Ecumenical Temple
  1575 | Temple   | Became a worshipper of Uskayaw the Reveler
  1707 | D:4      | Found a glowing golden altar of the Shining One.
  1749 | D:4      | Reached * piety under Uskayaw
  1913 | D:4      | Reached ** piety under Uskayaw
  1956 | D:4      | Reached skill level 1 in Invocations
  1964 | D:4      | Reached *** piety under Uskayaw
  2226 | D:4      | Noticed Blork the orc
  2238 | D:4      | Killed Blork the orc
  2238 | D:4      | Reached skill level 5 in Axes
  2238 | D:4      | Reached XP level 7. HP: 14/66 MP: 3/3
  2301 | D:5      | Entered Level 5 of the Dungeon
  2301 | D:5      | Noticed Eustachio
  2342 | D:5      | Killed Eustachio
  2468 | D:5      | Reached skill level 5 in Fighting
  2643 | D:5      | Noticed Pikel
  2683 | D:5      | Killed Pikel
  2683 | D:5      | Reached skill level 6 in Axes
  2683 | D:5      | Reached skill level 5 in Armour
  2683 | D:5      | Reached skill level 5 in Shields
  2683 | D:5      | Reached XP level 8. HP: 53/75 MP: 2/4
  2712 | D:5      | Noticed Grinder
  2716 | D:5      | Paralysed by Grinder for 2 turns
  2724 | D:5      | Killed Grinder
  2724 | D:5      | Reached skill level 5 in Invocations
  3126 | D:5      | Found a glowing silver altar of Zin.
  3465 | D:6      | Found a radiant altar of Vehumet.
  3494 | D:6      | Found a burning altar of Makhleb.
  3512 | D:6      | Reached **** piety under Uskayaw
  3513 | D:6      | Reached skill level 7 in Axes
  3540 | D:6      | You fall into a shaft and drop 3 floors!
  3717 | D:9      | Noticed a hornet
  3719 | D:9      | Paralysed by a hornet for 3 turns
  3722 | D:9      | Quit the game

Levels and vault maps discovered:
D:1:      ncdulo_wetmaze, layout_loops_ring
D:2:      layout_loops_ring, lemuel_round_altar, uniq_jessica
D:3:      cheibrodos_greedy_goblins, layout_loops_corners, xom_butterflies
D:4:      layout_loops_corners, nicolae_tso_swordbearing_angel, temple_pool_b,
          first_ration, minmay_joined_circles, uniq_blork_the_orc
D:5:      layout_loops_corners, kennysheep_mini_moat, uniq_pikel, uniq_grinder,
          uniq_eustachio
D:6:      kennysheep_spiral_hall, layout_loops_ring,
          grunt_temple_overflow_growth_and_decay, slow_altar_2,
          overflow_temple_1_default, lemuel_crystal_altar, trog_book
D:9:      layout_basic, kennysheep_little_box, tgw_sif
Temple:   nicolae_temple_figure_zero

Skill      XL: |  1  2  3  4  5  6  7  8 |
---------------+-------------------------+-----
Fighting       | 3 4 5 6 |  6.2
Axes           | 3 4 5 6 7 |  7.1
Armour         | 4 5 |  5.7
Shields        | 4 5 |  5.6
Invocations    | 2 4 6 |  6.2

Action                   |  1- 3 |  4- 6 |  7- 9 || total
-------------------------+-------+-------+-------++-------
Melee: War axe           |    99 |   173 |   226 ||   498
 Abil: Heal Wounds       |     2 |     5 |     7 ||    14
  Use: Scroll            |       |       |    11 ||    11
 Stab: Paralysed         |       |     1 |     5 ||     6
  Eat: Chunk             |       |     5 |     2 ||     7
       Ration            |       |       |     1 ||     1
Armor: Scale mail        |    40 |    99 |   150 ||   289
Dodge: Dodged            |    28 |    55 |    89 ||   172
Block: Kite shield       |    71 |    96 |   157 ||   324

Table legend:
 A = Non-vault XP
 B = Vault XP
 C = Vault XP percentage of total XP
 D = Non-vault monster count
 E = Vault monster count
 F = Vault count percentage of total count
                 A         B        C        D         E       F
            +---------+---------+-------+---------+---------+-------
      Total |    1533 |    1227 |  44.5 |      82 |      21 |  20.4
            +---------+---------+-------+---------+---------+-------
        D:1 |      16 |       0 |   0.0 |      11 |       0 |   0.0
        D:2 |      16 |       0 |   0.0 |       5 |       0 |   0.0
        D:3 |      68 |      19 |  21.8 |      17 |      10 |  37.0
        D:4 |     420 |     276 |  39.7 |      22 |       8 |  26.7
        D:5 |     549 |     932 |  62.9 |      13 |       3 |  18.8
        D:6 |     320 |       0 |   0.0 |       6 |       0 |   0.0
        D:9 |     144 |       0 |   0.0 |       8 |       0 |   0.0
            +---------+---------+-------+---------+---------+-------
